 Dungeon Crawl Stone Soup version 0.26.1-11-gd32895ea62 (webtiles) character file.

Game seed: 12055145769109340260

166 Eitelfritz the Slasher (level 5, -2/45 HPs)
             Began as a Minotaur Gladiator on June 13, 2021.
             Slain by an orc
             ... wielding a +0 flail
              (6 damage)
             ... on level 3 of the Dungeon.
             The game lasted 00:04:55 (3025 turns).

Eitelfritz the Slasher (Minotaur Gladiator)         Turns: 3025, Time: 00:04:56

Health: -2/45      AC:  6    Str: 18    XL:     5   Next: 22%
Magic:  4/4        EV: 12    Int:  6    God:
Gold:   238        SH:  0    Dex: 12    Spells: 4/4 levels left

rFire    . . .     SeeInvis .   a - +0 long sword
rCold    . . .     Faith    .   (no shield)
rNeg     . . .     Spirit   .   p - +0 ring mail
rPois    .         Reflect  .   c - +0 hat
rElec    .         Harm     .   (no cloak)
rCorr    .         Rampage  .   u - +0 pair of gloves
Will     .....                  (no boots)
Stlth    +.........             (no amulet)
HPRegen  0.15/turn              (no ring)
MPRegen  0.09/turn              (no ring)

@: no status effects
A: retaliatory headbutt, horns 2
a: no special abilities


You were on level 3 of the Dungeon.
You visited 1 branch of the dungeon, and saw 3 of its levels.

You collected 238 gold pieces.

Inventory:

Hand Weapons
 a - a +0 long sword (weapon)
Missiles
 d - 3 throwing nets (quivered)
 t - 5 boomerangs of dispersal
Armour
 c - a +0 hat (worn)
 p - a +0 ring mail (worn)
 u - a +0 pair of gloves (worn)
Jewellery
 m - a +4 ring of evasion {unknown}
Wands
 b - a wand of polymorph (7)
 o - a wand of iceblast (2)
Scrolls
 h - a scroll of random uselessness {unknown}
 j - 5 scrolls of identify {unknown}
 k - a scroll of remove curse {unknown}
 l - a scroll of blinking {unknown}
 r - a scroll of noise {unknown}
Potions
 e - a potion of lignification {unknown}
 f - a potion of cancellation {unknown}
 g - a potion of berserk rage {unknown}
 i - a potion of invisibility {unknown}
 n - 2 potions of heal wounds {unknown}
 q - a potion of might {unknown}
 s - a potion of curing {unknown}


   Skills:
 + Level 3.2 Fighting
 + Level 5.1 Long Blades
 + Level 2.1 Throwing
 + Level 2.1 Armour
 + Level 4.2 Dodging
 + Level 1.1 Stealth


You had 4 spell levels left.
You didn't know any spells.
Your spell library was empty.

Dungeon Overview and Level Annotations

Branches:
Dungeon (3/15)

Altars:
Qazlal
Vehumet


Innate Abilities, Weirdness & Mutations

You reflexively headbutt those who attack you in melee.
You have a pair of horns on your head.


Message History

The bat barely misses you. You furiously retaliate!
You headbutt the bat.
You kill the bat!
You see here a +0 club.
You barely miss the orc priest. You headbutt the orc priest.
The orc priest is lightly wounded.
The orc priest hits you with a +0 war axe.
The orc barely misses you. You furiously retaliate!
You headbutt the orc. The orc hits you with a +0 flail.
The orc hits you with a +0 short sword!
You barely miss the orc priest.
You headbutt the orc priest, but do no damage.
The orc priest is lightly wounded.
The orc priest hits you with a +0 war axe.
The orc barely misses you. The orc closely misses you.
You closely miss the orc priest. Your headbutt misses the orc priest.
The orc priest is lightly wounded.
The orc priest mumbles some strange prayers to Beogh against you.
Beogh smites you!
* * * LOW HITPOINT WARNING * * *
The orc hits you with a +0 flail.
You die...

..........#.#'#
..#.#..........#.#
..#.#.....<..###.#
..#.#######.## #.#
#####.#.##### #.#
#.# ...........#
#.# #.# #..gg.....+
... ... ###
#.ooo.....# #.# #.#
#.#########@######
... ...
#.........[........
... ##
#.........#....####
...
#.#.....#.#.##.#
#.......#.#.# .#
#.......#.#.## .
#####...#....# . #
#............# .. #
##########..#....#
+


You could see an orc priest, 2 orcs, a hobgoblin and a goblin.

Vanquished Creatures
  Ijyb (D:3)
  8 adders
  2 worms
  A dart slug (D:2)
  A leopard gecko (D:3)
  3 orcs (D:3)
  2 giant cockroaches (D:1)
  9 hobgoblins
  4 jackals (D:3)
  A quokka (D:3)
  7 bats
  3 frilled lizards
  4 goblins
  10 kobolds
  9 rats
65 creatures vanquished.

Vanquished Creatures (others)
  A worm (D:2)
  5 toadstools (D:1)
6 creatures vanquished.

Grand Total: 71 creatures vanquished

Notes
Turn   | Place    | Note
-------+----------+-------------------------------------------
     0 | D:1      | Eitelfritz the Minotaur Gladiator began the quest for the
                  | Orb.
     0 | D:1      | Reached XP level 1. HP: 18/18 MP: 0/0
   403 | D:1      | Reached skill level 4 in Long Blades
   405 | D:1      | Reached XP level 2. HP: 15/25 MP: 1/1
  1189 | D:2      | Reached XP level 3. HP: 28/30 MP: 2/2
  1394 | D:2      | Reached skill level 1 in Armour
  1513 | D:2      | Reached XP level 4. HP: 32/37 MP: 3/3
  1655 | D:2      | Reached skill level 1 in Stealth
  1709 | D:2      | Found a stormy altar of Qazlal.
  1977 | D:2      | Found a radiant altar of Vehumet.
  2541 | D:3      | Noticed Ijyb
  2551 | D:3      | Killed Ijyb
  2767 | D:3      | Reached skill level 5 in Long Blades
  2768 | D:3      | Reached XP level 5. HP: 45/45 MP: 4/4
  3025 | D:3      | Slain by an orc

Illustrated notes

Levels and vault maps discovered:
D:1:      ldierk_walled_garden, layout_basic, minmay_quantized
D:2:      layout_loops_cross, fiery_altar_vehumet,
          nicolae_qazlal_eye_of_the_storm
D:3:      layout_basic, uniq_ijyb, uniq_grinder, uniq_jessica,
          uniq_crazy_yiuf_cottage

Skill      XL: |  1  2  3  4 |
---------------+-------------+-----
Long Blades    | 4 5 |  5.1
Armour         | 1 2 |  2.1
Dodging        | 4 |  4.2
Stealth        | 1 |  1.1
Fighting       | 3 |  3.2
Throwing       | |  2.1

Action                   |  1- 3 |  4- 6 || total
-------------------------+-------+-------++-------
Melee: Long sword        |    53 |    75 ||   128
       Headbutt          |     4 |    12 ||    16
Armor: Leather armour    |     8 |     3 ||    11
       Ring mail         |       |    16 ||    16
Dodge: Dodged            |    52 |    49 ||   101
       Rpst.: Long sword |    21 |    17 ||    38
